 Dungeon Crawl Stone Soup version 0.28-a0-851-g8b9cc49659 (webtiles) character file.

Game seed: 5440850775168256300

91 jasper the Conjurer (level 4, 0/33 HPs)
             Began as a Demigod Conjurer on Nov 15, 2021.
             Shot with an arrow by a centaur (9 damage)
             ... on level 3 of the Dungeon.
             The game lasted 00:03:19 (3319 turns).

jasper the Conjurer (Demigod Conjurer)              Turns: 3319, Time: 00:03:19

Health: 0/33       AC:  2    Str:  8    XL:     4   Next: 11%
Magic:  9/9        EV: 11    Int: 24    God:
Gold:   64         SH:  3    Dex: 12    Spells: 3/6 levels left

rFire   . . .      SeeInvis .   k - +0 rapier
rCold   . . .      Faith    .   d - +0 buckler
rNeg    . . .      Spirit   .   a - +0 robe
rPois   .          Reflect  .   (no helmet)
rElec   .          Harm     .   i - scarf {shadows}
rCorr   .          Rampage  .   (no gloves)
Will    .....                   (no boots)
Stlth   ++........              (no amulet)
HPRegen 0.11/turn               (no ring)
MPRegen 0.11/turn               (no ring)

@: no status effects
A: high mp 1, forlorn
a: no special abilities


You were on level 3 of the Dungeon.
You visited 1 branch of the dungeon, and saw 3 of its levels.

You collected 64 gold pieces.

Inventory:

Hand Weapons
 k - a +0 rapier (weapon)
Missiles
 g - 15 stones
Armour
 a - a +0 robe (worn)
 d - a +0 buckler (worn)
 i - a scarf of shadows (worn)
Jewellery
 b - a ring of protection from cold
Potions
 f - a potion of ambrosia {unknown}
 h - a potion of attraction {unknown}
 l - a potion of lignification {unknown}


   Skills:
 - Level 1.7 Dodging
 - Level 1.7 Stealth
 - Level 1.7 Spellcasting
 + Level 5.3 Conjurations


You had 3 spell levels left.
You knew the following spells:

 Your Spells              Type           Power      Damage    Failure   Level
a - Magic Dart            Conj           100%       1d8       2%          1
b - Searing Ray           Conj           54%        2d6       3%          2

Your spell library contained the following spells:

 Spells                   Type           Power      Damage    Failure   Level
 Dazzling Flash           Conj/Hex       28%        N/A       21%         3
 Call Imp                 Summ           2%         N/A       30%         2
 Mephitic Cloud           Conj/Pois/Air  10%        N/A       30%         3
 Inner Flame              Hex/Fire       2%         N/A       52%         3
 Portal Projectile        Hex/Tloc       4%         N/A       52%         3
 Fulminant Prism          Conj/Hex       7%         3d7       56%         4
 Iskenderun's Mystic Bla  Conj/Tloc      14%        2d5       56%         4
 Polar Vortex             Ice            1%         N/A       100%        9


Dungeon Overview and Level Annotations

Branches:
Dungeon (3/15)

Annotations:
D:3 Robin


Innate Abilities, Weirdness & Mutations

Your attributes grow dramatically as you level up.
You have an increased reservoir of magic. (+10% MP)
You shall have no god before yourself.


Message History

Press: ? - help, Q - select action, (/) - cycle Shift-Dir - straight line, f - dart slug
Aim: a dart slug (wandering, hasn't noticed you, 100% to hit)
The magic dart hits the dart slug.
The dart slug is heavily wounded.
You now have 4/9 mp.
Aiming: Magic Dart (safe; 2% risk of failure)
Press: ? - help, Q - select action, (/) - cycle Shift-Dir - straight line, f/p - dart slug
Aim: a dart slug (heavily wounded, 100% to hit)
The magic dart hits the dart slug.
The dart slug is severely wounded.
The dart slug launches a dart at you. You block the slug dart.
You now have 3/9 mp.
Aiming: Magic Dart (safe; 2% risk of failure)
Press: ? - help, Q - select action, (/) - cycle Shift-Dir - straight line, f/p - dart slug
Aim: a dart slug (severely wounded, 100% to hit)
The magic dart hits the dart slug.
You kill the dart slug!
You now have 2/9 mp.
You start resting.
Magic restored.
You regained 6 hp, and now have 29/33 hp.
MP restored: 9 You start resting.
HP restored.
Health restored: 33
There is an escape hatch in the floor here.
You slide downwards.
The hatch slams shut behind you.
Level annotation: Robin
Found 20 bolts.
You see here 20 bolts.
The centaur shouts!
The centaur shoots an arrow.
The arrow hits you.
The centaur shoots an arrow.
The arrow hits you!
You take 13 damage, and have 20/33 hp.
MASSIVE DAMAGE!!
The centaur shoots an arrow.
The arrow hits you!
* * * LOW HITPOINT WARNING * * *
You take 11 damage, and have 9/33 hp.
MASSIVE DAMAGE!!
The centaur shoots an arrow.
The arrow hits you!
You die...

.................
...............†.
.................
.................
......###.....##
...... ##.####
#c# .
######.####..
......@......
######...##..
#.........
#.........
#.###.........
#....(........
#####.........
#.........
#.........


You could see a centaur.

Vanquished Creatures
  2 adders (D:2)
  A worm (D:2)
  3 dart slugs (D:2)
  4 endoplasms
  6 giant cockroaches
  9 goblins
  5 hobgoblins
  6 kobolds (D:1)
  4 quokkas (D:1)
  4 ball pythons
  5 bats
  2 frilled lizards (D:3)
  4 rats (D:1)
55 creatures vanquished.

Notes
Turn   | Place    | Note
-------+----------+-------------------------------------------
     0 | D:1      | jasper the Demigod Conjurer began the quest for the Orb.
     0 | D:1      | Reached XP level 1. HP: 14/14 MP: 5/5
   189 | D:1      | Reached skill level 4 in Conjurations
   322 | D:1      | Reached XP level 2. HP: 20/20 MP: 4/7
   361 | D:1      | Learned a level 2 spell: Searing Ray
  1130 | D:1      | You fall into a shaft and drop 1 floor!
  1142 | D:2      | Reached XP level 3. HP: 17/26 MP: 1/8
  1492 | D:1      | Got the Tome of Beguiling and Cold
  1738 | D:2      | Reached skill level 5 in Conjurations
  2939 | D:3      | Noticed Robin
  2943 | D:3      | Noticed a centaur
  2944 | D:3      | Reached XP level 4. HP: 33/33 MP: 4/9
  3319 | D:3      | Shot with an arrow by a centaur

Illustrated notes

Levels and vault maps discovered:
D:1:      amcnicky_arrival_blooded_trapdoor, layout_loops_ring,
          shapermc_ecumenical_altar_notcrosses
D:2:      layout_basic, chequers_hall_statues_corner_a
D:3:      layout_rooms, roderic_serpentine_path, uniq_robin

Skill      XL: |  1  2  3 |
---------------+----------+-----
Conjurations   | 4 5 |  5.3
Dodging        | |  1.7
Stealth        | |  1.7
Spellcasting   | |  1.7

Action                   |  1- 3 |  4- 6 || total
-------------------------+-------+-------++-------
 Cast: Magic Dart        |    83 |     5 ||    88
       Searing Ray       |     9 |     4 ||    13
  Use: Scroll            |     2 |     1 ||     3
       Potion            |       |     1 ||     1
Armor: Robe              |     8 |     3 ||    11
Dodge: Dodged            |    12 |     5 ||    17
Block: Buckler           |       |     3 ||     3

Table legend: (Time is in decaauts)
 A = Elapsed time spent in this place.
 B = Non-inter-level travel time spent in this place.
 C = Inter-level travel time spent in this place.
 D = Time resting spent in this place.
 E = Time spent auto-exploring this place.
 F = Levels seen in this place.
 G = Mean time per level.
                   A        B        C        D        E       F      G
               +--------+--------+--------+--------+--------+-----+--------+
         Total |   3321 |   3121 |    200 |    433 |   2413 |   3 | 1107.0 |
       Dungeon |   3321 |   3121 |    200 |    433 |   2413 |   3 | 1107.0 |
               +--------+--------+--------+--------+--------+-----+--------+

Top non-repeatable levels by time:
     D:2: 1792 daAuts
     D:1: 1440 daAuts
     D:3: 87 daAuts
